 Dungeon Crawl Stone Soup version 0.29-a0-384-g6960b1960d (webtiles) character file.

Game seed: 14318179017847703999

5986 garrulousMonolith the Cleaver (level 10, -3/86 (88) HPs)
             Began as a Hill Orc Fighter on May 6, 2022.
             Was an Elder of Beogh.
             Slain by a gnoll sergeant
             ... wielding a +0 spear
              (4 damage)
             ... on level 9 of the Dungeon.
             The game lasted 00:14:57 (10976 turns).

garrulousMonolith the Cleaver (Hill Orc Fighter)   Turns: 10976, Time: 00:14:58

HP:   -3/86 (88)    AC: 20    Str: 22    XL:     10   Next: 85%
MP:   15/15         EV:  6    Int: 10    God:    Beogh [****..]
Gold: 1351          SH: 10    Dex: 10    Spells: 9/9 levels left

rFire   . . .      SeeInvis .   a - +0 war axe
rCold   . . .      Faith    .   p - +1 kite shield
rNeg    . . .      Spirit   .   h - +0 plate armour
rPois   .          Reflect  .   B - +0 helmet
rElec   .          Harm     .   x - +2 cloak {Stlth+}
rCorr   .          Rampage  .   o - +0 pair of gloves
Will    .....                   l - +0 pair of boots
Stlth   ..........              (no amulet)
HPRegen 0.24/turn               e - +4 ring of slaying
MPRegen 0.14/turn               (no ring)

@: lightly drained
A: no striking features
a: Renounce Religion, Smiting, Recall Orcish Followers


You were on level 9 of the Dungeon.
You worshipped Beogh.
Beogh was greatly pleased with you.
You visited 1 branch of the dungeon, and saw 9 of its levels.
You also visited: Sewer and Bailey.

You collected 1351 gold pieces.

Inventory:

Hand Weapons
 a - a +0 war axe (weapon)
 f - a +0 halberd
 m - a +2 vorpal flail
 z - a +2 halberd of freezing
 A - a +0 dagger of electrocution
 I - a +4 halberd
Missiles
 E - 6 poisoned darts (quivered)
 L - a curare-tipped dart
 Q - 18 boomerangs
Armour
 c - a +0 buckler
 h - a +0 plate armour (worn)
 l - a +0 pair of boots (worn)
 o - a +0 pair of gloves (worn)
 p - a +1 kite shield (worn)
 x - a +2 cloak of stealth (worn)
 B - a +0 helmet (worn)
Jewellery
 e - a +4 ring of slaying (left hand)
 G - a ring of wizardry
Wands
 w - a wand of flame (48)
 y - a wand of iceblast (29)
 C - a wand of charming (11)
Scrolls
 d - 3 scrolls of enchant armour
 g - a scroll of magic mapping
 i - 6 scrolls of teleportation
 j - a scroll of vulnerability
 n - 2 scrolls of enchant weapon {unknown}
 t - 2 scrolls of summoning {unknown}
 v - 2 scrolls of fear {unknown}
 D - a scroll of acquirement {unknown}
 N - 2 scrolls of brand weapon {unknown}
 O - a scroll of blinking {unknown}
Potions
 b - 5 potions of lignification
 k - 2 potions of mutation
 q - a potion of ambrosia
 r - 3 potions of invisibility
 s - a potion of haste
 u - a potion of magic
 H - a potion of might
 K - a potion of brilliance
 M - a potion of resistance
 P - 4 potions of flight
 R - a potion of attraction


   Skills:
 + Level 8.1 Fighting
 * Level 11.4 Axes
 + Level 7.4 Armour
 + Level 4.7 Dodging
 + Level 7.4 Shields
 + Level 7.8 Invocations


You had 9 spell levels left.
You didn't know any spells.
Your spell library contained the following spells:

 Spells                   Type           Power      Damage    Failure   Level
 Ensorcelled Hibernation  Hex/Ice        0%         N/A       100%        2
 Spider Form              Tmut/Pois      0%         N/A       100%        3
 Anguish                  Hex/Necr       0%         N/A       100%        4
 Petrify                  Tmut/Erth      0%         N/A       100%        4
 Metabolic Englaciation   Hex/Ice        0%         N/A       100%        5
 Statue Form              Tmut/Erth      0%         N/A       100%        6


Dungeon Overview and Level Annotations

Branches:
Dungeon (9/15)             Temple (0/1) D:7           Sewer (visited)
 Bailey (visited)
   Lair: D:8-11         Orc: D:9-12

Altars:
Gozag
Kikubaaqudgha
Trog
Xom

Shops:
D:5 (

Annotations:
D:7 2 transporters, domi's ghost, novice DsWz


Message History

You destroy the wight!
Beogh accepts your kill.
You slash the wight!
You destroy the wight!
Beogh accepts your kill.
You hit the wight. You block the gnoll's attack.
The gnoll sergeant hits you from afar with a +0 spear.
* * * LOW HITPOINT WARNING * * *
The wight completely misses you. The gnoll hits you but does no damage.
The gnoll sergeant hits you with a +0 spear!
* * * LOW HITPOINT WARNING * * *
Things that are here:
a +0 falchion; a +0 robe; a scroll of vulnerability You hit the gnoll sergeant.
The gnoll sergeant is heavily wounded.
You hit the wight.
The gnoll hits you from afar with a +0 halberd.
* * * LOW HITPOINT WARNING * * *
The gnoll sergeant hits you but does no damage.
The wight barely misses you.
Your orc knight hits the wight with a +0 war axe!
The wight is destroyed!
Beogh accepts your kill.
You can now recall your orcish followers.
You hit the gnoll sergeant but do no damage.
The gnoll sergeant is heavily wounded.
The gnoll hits you but does no damage. You block the gnoll sergeant's attack.
You hit the gnoll sergeant but do no damage.
The gnoll sergeant is heavily wounded.
The gnoll hits you from afar with a +0 halberd!
* * * LOW HITPOINT WARNING * * *
You block the gnoll sergeant's attack.
Your orc knight roars a battlecry!
You slash the gnoll sergeant!
The gnoll sergeant is severely wounded.
The gnoll hits you from afar with a +0 halberd.
* * * LOW HITPOINT WARNING * * *
The gnoll sergeant hits you with a +0 spear.
You die...

####+###### #..........
#.......... #..........
+.......!.. #g.o)......
#))@g...... ##o######## #.
#.oo.# #####.#####
####.##### #.........#
#o....# #.........#
#########.##### #.........#
#........o....#
#.........###.............#
........^.#...............#


You could see a gnoll sergeant (ally target), a gnoll and 2 friendly orc
knights.

Vanquished Creatures
  A two-headed ogre (D:7)
  Maurice (D:8)
  Sigmund (D:3)
  3 yaks (D:6)
  Duvessa (D:7)
  2 water moccasins (D:7)
  2 orc warriors (Bailey)
  2 sky beasts (D:7)
  3 ice beasts
  2 ogres (D:5)
  A centaur (D:7)
  2 phantoms
  9 bullfrogs
  3 scorpions (D:6)
  5 wights
  3 howler monkeys (D:7)
  A jelly (D:5)
  Crazy Yiuf (D:3)
  2 gnoll shamans
  2 orc priests
  3 hounds
  Jessica (D:2)
  An iguana (D:5)
  4 orc wizards
  11 gnolls
  3 river rats (Sewer)
  17 adders
  A white imp (D:7)
  2 worms
  2 dart slugs
  10 orcs
  16 ball pythons
  6 bats
  7 endoplasms
  6 giant cockroaches
  10 goblins
  8 hobgoblins
  4 jackals
  18 kobolds
  7 quokkas
  3 frilled lizards
  22 rats
209 creatures vanquished.

Vanquished Creatures (collateral kills)
  A hydra (D:8)
  A hornet (D:7)
  A vampire (D:7)
  A yak (D:6)
  A wraith (D:7)
  A steam dragon (D:8)
  An acid dragon (D:9)
  A sky beast (D:7)
  A black bear (D:7)
  A centaur (D:9)
  A kobold brigand (D:7)
  A bullfrog (D:7)
  A wight (D:9)
  Dowan (D:7)
  4 killer bees
  An orc priest (D:6)
  An iguana (D:7)
  A gnoll (Bailey)
  An orc (D:7)
  A goblin (Bailey)
  2 hobgoblins (Bailey)
  2 kobolds (Bailey)
27 creatures vanquished.

Vanquished Creatures (others)
  2 orc priests
  4 orc warriors
  An orc wizard (D:7)
  An adder (D:2)
  8 orcs
16 creatures vanquished.

Grand Total: 252 creatures vanquished

Notes
Turn   | Place    | Note
-------+----------+-------------------------------------------
     0 | D:1      | garrulousMonolith the Hill Orc Fighter began the quest for
                  | the Orb.
     0 | D:1      | Reached XP level 1. HP: 19/19 MP: 1/1
   261 | D:1      | Reached skill level 3 in Axes
   261 | D:1      | Reached XP level 2. HP: 27/27 MP: 2/2
   682 | D:1      | Reached XP level 3. HP: 33/33 MP: 3/3
   912 | D:2      | Found a shimmering altar of Xom.
   929 | D:2      | Reached skill level 1 in Invocations
  1005 | D:2      | Became a worshipper of Beogh the Brigand
  1127 | D:2      | Found a faded altar of an unknown god.
  1428 | D:2      | Noticed Jessica
  1441 | D:2      | Killed Jessica
  1442 | D:2      | Reached XP level 4. HP: 40/40 MP: 3/5
  1823 | D:3      | Noticed Sigmund
  1832 | D:3      | Killed Sigmund
  1833 | D:3      | Reached skill level 4 in Axes
  1833 | D:3      | Reached skill level 1 in Dodging
  1833 | D:3      | Reached XP level 5. HP: 41/47 MP: 6/6
  1833 | D:3      | Reached XP level 6. HP: 46/53 MP: 7/7
  1872 | D:3      | Reached skill level 5 in Axes
  2371 | D:3      | Found a runed translucent door.
  2372 | D:3      | Noticed Crazy Yiuf
  2435 | D:3      | Noticed an ice beast
  2446 | D:3      | Found a glowing drain.
  2460 | Sewer    | Entered a sewer
  2593 | Sewer    | Reached * piety under Beogh
  3070 | Sewer    | Reached ** piety under Beogh
  3072 | Sewer    | Reached XP level 7. HP: 16/60 MP: 9/9
  3328 | D:3      | Reached skill level 5 in Fighting
  3328 | D:3      | Reached skill level 6 in Axes
  3914 | D:3      | Killed Crazy Yiuf
  4937 | D:4      | You fall into a shaft and drop 1 floor!
  4937 | D:5      | Entered Level 5 of the Dungeon
  4972 | D:5      | Found Siquceih's Weapon Shop.
  5027 | D:5      | Reached skill level 5 in Shields
  5027 | D:5      | Reached XP level 8. HP: 68/69 MP: 9/11
  5071 | D:5      | Reached skill level 7 in Axes
  5477 | D:4      | Reached skill level 5 in Armour
  6288 | D:6      | Reached *** piety under Beogh
  6506 | D:6      | Reached skill level 8 in Axes
  6506 | D:6      | Reached skill level 5 in Invocations
  6657 | D:6      | Found an opulent altar of Gozag.
  6658 | D:6      | Found an ancient bone altar of Kikubaaqudgha.
  6715 | D:6      | Noticed a yak
  6722 | D:6      | Reached XP level 9. HP: 68/75 MP: 12/12
  7446 | D:7      | Reached skill level 9 in Axes
  8025 | D:7      | Found a staircase to the Ecumenical Temple.
  8047 | D:7      | Identified the +3 scale mail "Ramat" {Will+++ Slay-5
                  | Stlth-}
  8089 | D:7      | Noticed a two-headed ogre
  8103 | D:7      | Killed a two-headed ogre
  8104 | D:7      | Reached skill level 10 in Axes
  8104 | D:7      | Reached XP level 10. HP: 34/86 MP: 7/15
  8597 | D:7      | Found a transporter.
  8830 | D:7      | Noticed Dowan
  8831 | D:7      | Noticed Duvessa
  8839 | D:7      | Killed Dowan
  8843 | D:7      | Killed Duvessa
  8851 | D:7      | Identified the +1 leather armour "Nefiam" {Int+2}
  8876 | D:7      | Noticed a moth of wrath
  8877 | D:7      | Noticed domi's ghost (novice DsWz)
  8882 | D:7      | Found a bloodstained altar of Trog.
  8936 | D:7      | Found a transporter.
  9380 | D:8      | Found a flagged portal.
  9442 | Bailey   | Entered a bailey
  9471 | Bailey   | Reached **** piety under Beogh
  9495 | Bailey   | Reached skill level 11 in Axes
  9648 | Bailey   | Noticed an orc knight
 10093 | D:8      | Noticed an eight-headed hydra
 10101 | D:8      | Killed an eight-headed hydra
 10110 | D:8      | Noticed Maurice
 10114 | D:8      | Killed Maurice
 10975 | D:9      | HP: 2/86 [gnoll/+0 halberd[a gnoll sergeant] (12)]
 10976 | D:9      | Slain by a gnoll sergeant

Illustrated notes

Levels and vault maps discovered:
D:1:      dpeg_arrival_orchard, layout_loops_ring
D:2:      layout_basic, hellmonk_ecumenical_altar_crossroads, basic_altar,
          st_stairs_7, minmay_tree_intersection, kennysheep_boxes, uniq_jessica
D:3:      layout_basic, portal_sewer_entry_f, uniq_sigmund,
          uniq_crazy_yiuf_cottage
D:4:      layout_loops_corners
D:5:      layout_basic, serial_shops, nicolae_shop_bloodbath_and_beyond
D:6:      layout_basic, nicolae_overflow_squiral
D:7:      nzn_winding_woodlands_three_and_one
          [nzn_winding_woodlands_5x15_parted, nzn_winding_woodlands_5x15_eye,
          nzn_winding_woodlands_5x15_cabin,
          nzn_winding_woodlands_center_pierced_h], layout_gridville,
          minmay_temple_entry_grid, gammafunk_ghost_wrathful_warriors,
          uniq_duvessa
D:8:      layout_rooms, enter_bailey_8, uniq_maurice
D:9:      layout_roguey [special_room_orc], mainiacjoe_overflow_cross_hatched,
          minivault_7

Skill      XL: |  1  2  3  4  5  6  7  8  9 10 |
---------------+-------------------------------+-----
Axes           | 3 4 5 6 8 10 11 | 11.4
Invocations    | 1 2 3 4 5 6 7 |  7.8
Fighting       | 4 5 6 7 8 |  8.1
Armour         | 4 5 6 7 |  7.4
Dodging        | 1 2 3 4 |  4.7
Shields        | 4 5 6 7 |  7.4

Action                   |  1- 3 |  4- 6 |  7- 9 | 10-12 || total
-------------------------+-------+-------+-------+-------++-------
Melee: War axe           |    63 |   146 |   310 |   123 ||   642
       Flail             |    19 |     1 |       |       ||    20
Invok: Convert to Beogh  |     1 |       |       |       ||     1
       Smiting           |       |       |     3 |     4 ||     7
       Recall Orcish Fol |       |       |       |     1 ||     1
Evoke: Wand              |       |       |     3 |     4 ||     7
  Use: Scroll            |     1 |     2 |     4 |     9 ||    16
       Potion            |       |     2 |     4 |     2 ||     8
 Stab: Distracted        |       |       |       |     2 ||     2
Armor: Scale mail        |     3 |       |       |       ||     3
       Plate armour      |    37 |   180 |   205 |    93 ||   515
Dodge: Dodged            |    16 |    65 |    67 |    40 ||   188
Block: Buckler           |    14 |       |       |       ||    14
       Kite shield       |       |   105 |   144 |    99 ||   348

Table legend: (Time is in decaauts)
 A = Elapsed time spent in this place.
 B = Non-inter-level travel time spent in this place.
 C = Inter-level travel time spent in this place.
 D = Time resting spent in this place.
 E = Time spent auto-exploring this place.
 F = Levels seen in this place.
 G = Mean time per level.
                   A        B        C        D        E       F      G
               +--------+--------+--------+--------+--------+-----+--------+
         Total |  11254 |  10903 |    351 |   2412 |   6150 |  11 | 1023.1 |
       Dungeon |   9681 |   9330 |    351 |   1739 |   5655 |   9 | 1075.7 |
         Sewer |    935 |    935 |      0 |    482 |    233 |   1 |  935.0 |
        Bailey |    638 |    638 |      0 |    191 |    262 |   1 |  638.0 |
               +--------+--------+--------+--------+--------+-----+--------+

Top non-repeatable levels by time:
     D:7: 1936 daAuts
     D:3: 1487 daAuts
     D:4: 1231 daAuts
     D:6: 1163 daAuts
     D:5: 960 daAuts
     D:2: 948 daAuts
   Sewer: 935 daAuts
     D:1: 930 daAuts
     D:8: 788 daAuts
  Bailey: 638 daAuts
     D:9: 235 daAuts
